[Event "Early-Titled-Tuesday-Blitz-February-06-2024"]
[Site "Chess.com"]
[Date "2024.02.06"]
[Round "4"]
[White "Sanyura"]
[Black "Talent-OF-Slovenia"]
[Result "1-0"]
[WhiteElo "2680"]
[BlackElo "2447"]
[TimeControl "180+1"]
[EndTime "8:37:58 PST"]
[Termination "Sanyura won by resignation"]

1. Nf3 d5 2. g3 c6 3. d3 Bg4 4. Nbd2 Nd7 5. Bg2 e6 6. O-O Ngf6 7. e4 Bd6 8. h3 Bh5 9. Re1 e5 10. exd5 cxd5 11. g4 Bg6 12. Nxe5 O-O 13. Nxd7 Qxd7 14. Nf3 Rfe8 15. Rxe8+ Rxe8 16. Bg5 h5 17. Bxf6 hxg4 18.
hxg4 gxf6 19. Nh4 Bb8 20. Nxg6 fxg6 21. Qf3 Kg7 22. Qxd5 Qxg4 23. Qxb7+ Kh6 24. Qf3 Qd4 25. c3 Qe5 26. d4 Qh2+ 27. Kf1 Kg7 28. Re1 Rxe1+ 29.
Kxe1 Qg1+ 30. Kd2 Kh6 31. Kc2 Kg5 32. a4 a5 33. Kb3 Bf4 34. Bh3 Qc1 35. Be6 f5 36.
Bf7 Kf6 37. Be8 Bd6 38. Qd5 Bh2 39. Qf7+ Kg5 40. Qxg6+ Kf4 41. Qh6+ 1-0

[Event "Early-Titled-Tuesday-Blitz-February-06-2024"]
[Site "Chess.com"]
[Date "2024.02.06"]
[Round "4"]
[White "gpsji27"]
[Black "Herman-NY"]
[Result "0-1"]
[WhiteElo "2317"]
[BlackElo "2502"]
[TimeControl "180+1"]
[EndTime "8:37:58 PST"]
[Termination "Herman-NY won by checkmate"]

1. d4 Nf6 2. Nf3 g6 3. Bg5 Bg7 4. c4 d6 5. Nc3 h6 6. Bh4 O-O 7. e3 c5 8. Be2 g5 9. Bg3 Nh5 10.
d5 Nd7 11. Nd2 Nxg3 12. hxg3 Nf6 13. Qc2 e6 14. dxe6 Bxe6 15. Bf3 Rb8 16. O-O-O b5 17. Nxb5 d5 18. cxd5 Nxd5 19. Nc3 Nb4 20. Qa4 Nd3+ 21. Kc2 Rxb2# 0-1

[Event "Early-Titled-Tuesday-Blitz-February-06-2024"]
[Site "Chess.com"]
[Date "2024.02.06"]
[Round "4"]
[White "AccioChess"]
[Black "paladin_ll"]
[Result "1-0"]
[WhiteElo "2452"]
[BlackElo "2164"]
[TimeControl "180+1"]
[EndTime "8:37:58 PST"]
[Termination "AccioChess won by resignation"]

1. Nf3 Nf6 2. g3 c5 3. Bg2 Nc6 4. O-O g6 5. d4 cxd4 6. Nxd4 Nxd4 7. Qxd4 Bg7 8. c4 O-O 9. Nc3 d6 10. Bg5 Be6 11. Qd3 Rc8 12. b3 d5 13. Nxd5 Nxd5 14. cxd5 Bxa1 15. Rxa1 Bd7 16. d6 f6 17. Bh6 Re8 18. Bxb7 Rb8 19. Bd5+ Kh8 20. Bf7 exd6 21.
Bxe8 Bxe8 22. Rd1 Rb6 23. Be3 Bb5 24. Qd2 Rc6 25. a4 Ba6 26. b4 Bb7 27. b5 Rc4 28. Qxd6 Qxd6 29. Rxd6 Rxa4 30. Rd8+ Kg7 31. Rd7+ Kf8 32.
Rxb7 a6 33. b6 Rb4 34. Rxh7 a5 35. b7 Kg8 36. Rc7 a4 37. Rc8+ Kf7 38. b8=Q Rb1+ 39. Qxb1 1-0

[Event "Early-Titled-Tuesday-Blitz-February-06-2024"]
[Site "Chess.com"]
[Date "2024.02.06"]
[Round "4"]
[White "KetiTsatsalashvili"]
[Black "pfalcon1949"]
[Result "1-0"]
[WhiteElo "2429"]
[BlackElo "1956"]
[TimeControl "180+1"]
[EndTime "8:37:58 PST"]
[Termination "KetiTsatsalashvili won on time"]

1. d4 Nf6 2. Nf3 d5 3. e3 e6 4.
Bd3 Be7 5. O-O O-O 6. b3 c5 7.
Bb2 cxd4 8. exd4 Nc6 9. Nbd2 Bd7 10. Ne5 Rc8 11. a3 Qc7 12. Qe2 Rfd8 13. f4 Be8 14.
Rf3 Qb6 15. c3 Ne4 16. Nxe4 dxe4 17. Qxe4 g6 18. b4 f5 19. Qe2 Nxe5 20. fxe5 Bc6 21. Rh3 a6 22. Qe3 Bf8 23. Bc2 Bg7 24. Bb3 Bd5 25. Bxd5 Rxd5 26. Kh1 Rcd8 27. Qe2 Qb5 28. c4 Rxe5 29. dxe5 Qc6 30. Rd3 Rc8 31. Rad1 h6 32.
c5 Kh7 33. h3 1-0

[Event "Early-Titled-Tuesday-Blitz-February-06-2024"]
[Site "Chess.com"]
[Date "2024.02.06"]
[Round "4"]
[White "Sadykov_Ramil"]
[Black "Iball95"]
[Result "0-1"]
[WhiteElo "2602"]
[BlackElo "2918"]
[TimeControl "180+1"]
[EndTime "8:37:59 PST"]
[Termination "Iball95 won on time"]

1. e4 c5 2. Nf3 e6 3. c4 Nc6 4. Nc3 Nf6 5. Be2 d5 6. exd5 exd5 7. d4 cxd4 8. Nxd4 Bc5 9. Nxc6 bxc6 10. cxd5 cxd5 11. b4 Bb6 12. O-O O-O 13. Bg5 Be6 14.
Bxf6 Qxf6 15. Nxd5 Bxd5 16. Qxd5 Rad8 17. Qf3 Qb2 18.
Rfb1 Qd4 19. a4 Rd6 20. Rd1 Qxb4 21. Rxd6 Qxd6 22. a5 Qe5 23. Rd1 Qxa5 24. Bc4 Qc5 25. Bb3 Qe5 26. g3 Qe7 27. Qf5 g6 28. Qd7 Qf6 29. Rd2 Rd8 0-1

[Event "Early-Titled-Tuesday-Blitz-February-06-2024"]
[Site "Chess.com"]
[Date "2024.02.06"]
[Round "4"]
[White "Franmu14"]
[Black "OparinGrigoriy"]
[Result "1-0"]
[WhiteElo "2759"]
[BlackElo "2984"]
[TimeControl "180+1"]
[EndTime "8:38:00 PST"]
[Termination "Franmu14 won by checkmate"]

1. e4 a6 2. d4 c6 3. Nc3 d5 4. exd5 cxd5 5. Bf4 Nc6 6. h3 Nf6 7.
g4 e6 8. Nge2 Qb6 9. Bg2 Qxb2 10. O-O Qb6 11. Rb1 Qd8 12. Ng3 Bd6 13. Bxd6 Qxd6 14.
g5 Ng8 15. f4 Nge7 16. Nce2 g6 17. a4 h6 18. h4 hxg5 19. hxg5 Qc7 20. Qd3 Bd7 21. c4 Na5 22. cxd5 Nxd5 23. Bxd5 exd5 24.
Qe3+ Kf8 25. f5 Nc4 26. Qf4 Qxf4 27. Nxf4 Nd2 28. Rxb7 Nxf1 29. Kxf1 Bxf5 30. Nxf5 gxf5 31.
g6 Rh4 32. Rxf7+ Kg8 33. Nxd5 Kh8 34. Nf6 Rg8 35. g7+ Rxg7 36. Rf8+ Rg8 37. Rxg8# 1-0

[Event "Early-Titled-Tuesday-Blitz-February-06-2024"]
[Site "Chess.com"]
[Date "2024.02.06"]
[Round "4"]
[White "Sokoloco"]
[Black "TigrVShlyape"]
[Result "1/2-1/2"]
[WhiteElo "2797"]
[BlackElo "2970"]
[TimeControl "180+1"]
[EndTime "8:38:02 PST"]
[Termination "Game drawn by repetition"]

1. b3 d5 2. Nf3 Bf5 3. e3 e6 4.
d4 Nf6 5. Bd3 Bg6 6. O-O Nbd7 7.
c4 c6 8. h3 Bd6 9. Ba3 Bxa3 10.
Nxa3 a5 11. Nc2 O-O 12. Bxg6 hxg6 13. Nce1 Qe7 14. Nd3 Rfd8 15. cxd5 exd5 16. Qc2 Ne4 17. Rfc1 Re8 18. Nd2 Nd6 19. Nf3 g5 20. Nfe5 Nxe5 21.
Nxe5 f6 22. Nd3 Ne4 23. Nc5 Nd6 24. Qg6 Qf7 25. Qxf7+ Kxf7 26. Kf1 Kg6 27. Ke2 Kf5 28.
Kd3 g4 29. hxg4+ Kxg4 30. Rh1 Kf5 31. Rh5+ Kg6 32. Rah1 Re7 33. R5h4 Kf7 34. Rg4 Kg8 35. Rgh4 Kf7 36. Rg4 Kg8 37. Rgh4 Kf7 1/2-1/2

[Event "Early-Titled-Tuesday-Blitz-February-06-2024"]
[Site "Chess.com"]
[Date "2024.02.06"]
[Round "4"]
[White "Chessdreamer2020"]
[Black "unclear15"]
[Result "1-0"]
[WhiteElo "2551"]
[BlackElo "2385"]
[TimeControl "180+1"]
[EndTime "8:38:04 PST"]
[Termination "Chessdreamer2020 won by checkmate"]

1. e4 c5 2. Nf3 g6 3. d4 cxd4 4. Qxd4 Nf6 5. Nc3 Nc6 6. Qa4 d6 7. e5 dxe5 8. Nxe5 Bd7 9. Nxd7 Nxd7 10. Be3 Bg7 11. Rd1 O-O 12. Bb5 Qc8 13. O-O Nde5 14. Qh4 a6 15. Be2 Qf5 16. Rd2 Rad8 17. Rfd1 Rxd2 18. Rxd2 h5 19. Nd5 e6 20. Ne7+ Nxe7 21. Qxe7 b5 22. c3 Qb1+ 23. Bf1 Nc4 24. Re2 Nxb2 25.
Qb4 Rd8 26. Rxb2 Qa1 27. Rd2 Rc8 28. Bd4 Bf8 29. Qb2 Qe1 30. Re2 Qd1 31. Qd2 Qa4 32. Qf4 b4 33. Qf6 bxc3 34. Qh8# 1-0

[Event "Early-Titled-Tuesday-Blitz-February-06-2024"]
[Site "Chess.com"]
[Date "2024.02.06"]
[Round "4"]
[White "adotand"]
[Black "marcodobrikov"]
[Result "1-0"]
[WhiteElo "2898"]
[BlackElo "2682"]
[TimeControl "180+1"]
[EndTime "8:38:06 PST"]
[Termination "adotand won by resignation"]

1. e4 c5 2. Nf3 e6 3. d4 cxd4 4. Nxd4 Nc6 5. Nc3 Qc7 6. Be3 a6 7. a3 b5 8. f4 Bb7 9. Be2 Bc5 10. Nxe6 dxe6 11. Bxc5 Qxf4 12. Qd6 Qxd6 13. Bxd6 O-O-O 14. O-O-O Nf6 15. Rhf1 Ne8 16. Bc5 Rxd1+ 17. Bxd1 Nf6 18. Bd6 Ne8 19. Bg3 f6 20. Bg4 Kd7 21. Nd5 Nd6 22.
Rd1 Ne5 23. Bh3 Rd8 24. Nf4 Re8 25. Nd3 Nef7 26. Nc5+ Kc6 27. Nxe6 Nxe4 28. Nxg7 Rg8 29. Nf5 Nxg3 30. Ne7+ Kb6 31. Nxg8 Ne4 32. Bf5 Nfd6 33. Bxh7 f5 34. Ne7 Bc8 35. h4 Be6 36. h5 Kc5 37. Bg6 1-0

[Event "Early-Titled-Tuesday-Blitz-February-06-2024"]
[Site "Chess.com"]
[Date "2024.02.06"]
[Round "4"]
[White "kecalk"]
[Black "KanalSzachowy"]
[Result "0-1"]
[WhiteElo "2495"]
[BlackElo "2367"]
[TimeControl "180+1"]
[EndTime "8:38:06 PST"]
[Termination "KanalSzachowy won by resignation"]

1. e4 c5 2. Nf3 Nc6 3. d4 cxd4 4.
Nxd4 Nf6 5. Nc3 e5 6. Ndb5 d6 7. Bg5 a6 8. Na3 b5 9. Nd5 Be7 10. Bxf6 Bxf6 11. c3 O-O 12. Nc2 Bg5 13. a4 bxa4 14.
Rxa4 a5 15. Bc4 Rb8 16. b3 Kh8 17. Nce3 g6 18. h4 Bh6 19. h5 Kg7 20. Qf3 Be6 21. O-O Qg5 22. Nc7 Qe7 23. Ned5 Qh4 24. g3 Bg4 25. Qd3 Qxh5 26. f3 Bh3 27. Rf2 Qg5 28.
Kh2 Qh5 29. Kg1 Qg5 30. f4 exf4 31. Nxf4 Ne5 32. Nxh3 Nxd3 33. Nxg5 Nxf2 34. Nge6+ fxe6 35. Nxe6+ Kh8 36. Nxf8 Rxf8 37. Rxa5 Nxe4 38. Rd5 Be3+ 39.
Kg2 Rf2+ 40. Kh3 Ng5+ 0-1

[Event "Early-Titled-Tuesday-Blitz-February-06-2024"]
[Site "Chess.com"]
[Date "2024.02.06"]
[Round "4"]
[White "tsaruk_maks"]
[Black "bulletteemo"]
[Result "1-0"]
[WhiteElo "2760"]
[BlackElo "2537"]
[TimeControl "180+1"]
[EndTime "8:38:07 PST"]
[Termination "tsaruk_maks won on time"]

1. c4 g6 2. Nc3 Bg7 3. g3 c5 4.
Bg2 Nc6 5. e3 a6 6. Nge2 b5 7.
cxb5 axb5 8. Nxb5 Ba6 9. Nbc3 Nb4 10. O-O Nd3 11. Nf4 Nxf4 12. gxf4 Bxf1 13. Bxa8 Qxa8 14. Qxf1 Nf6 15. Qg2 d5 16. d3 O-O 17. Bd2 e6 18. Rc1 Qa6 19. Qf1 Rb8 20. b3 Nd7 21. Na4 Qb5 22. Bc3 e5 23. fxe5 Bxe5 24. Bxe5 Nxe5 25.
Nxc5 Qb6 26. d4 Nf3+ 27. Kh1 Qd6 28. Qg2 Nd2 29. Qg3 Qd8 30. Rc2 Nb1 31. a4 Rc8 32.
Qg1 Na3 33. Ra2 Qf6 34. h3 Qf3+ 35. Kh2 Nb1 36. Qxb1 1-0

[Event "Early-Titled-Tuesday-Blitz-February-06-2024"]
[Site "Chess.com"]
[Date "2024.02.06"]
[Round "4"]
[White "ansko1999"]
[Black "viniciusrego"]
[Result "1-0"]
[WhiteElo "2683"]
[BlackElo "2450"]
[TimeControl "180+1"]
[EndTime "8:38:07 PST"]
[Termination "ansko1999 won by resignation"]

1. Nf3 g6 2. g3 Bg7 3. Bg2 e5 4. d3 d5 5. O-O c5 6. e4 Ne7 7.
exd5 Nxd5 8. Re1 Nc6 9. Nbd2 O-O 10. a4 Re8 11. Nc4 h6 12. c3 Nb6 13. Be3 Nxc4 14. dxc4 Qe7 15. a5 Be6 16. Nd2 Rad8 17. Qa4 f5 18. Qb5 e4 19. Bxc5 Qc7 20. Nf1 Ne5 21. b3 Nd3 22. Bxa7 Nxe1 23. Bb6 Qe7 24. Bxd8 Qxd8 25.
Rxe1 Bxc3 26. Rc1 Bxa5 27. Qxb7 Qe7 28. Qb5 Bb4 29. Ne3 Rc8 30. Nd5 Bxd5 31. Qxd5+ Qf7 32.
Qb5 Qe7 33. Rd1 Bd6 34. Qd5+ 1-0

[Event "Early-Titled-Tuesday-Blitz-February-06-2024"]
[Site "Chess.com"]
[Date "2024.02.06"]
[Round "4"]
[White "disciplinedbrat"]
[Black "Bodnar_Mykola"]
[Result "0-1"]
[WhiteElo "2282"]
[BlackElo "2483"]
[TimeControl "180+1"]
[EndTime "8:38:07 PST"]
[Termination "Bodnar_Mykola won by checkmate"]

1. e4 c5 2. Nf3 Nc6 3. Bc4 e6 4. O-O a6 5. Re1 b5 6. Bf1 Bb7 7. c3 d5 8. exd5 Qxd5 9. a4 c4 10. d4 Nf6 11. Nbd2 Be7 12. Ne5 O-O 13. Qf3 Nxe5 14.
Qxd5 Bxd5 15. Rxe5 Nd7 16. Re1 Nb6 17. axb5 axb5 18.
Rxa8 Rxa8 19. Ne4 Ra1 20. f3 Na4 21. Kf2 b4 22. Nd2 Bg5 23. Nb3 cxb3 24. Bxg5 Rxe1 25.
Kxe1 bxc3 26. bxc3 b2 27. Bd3 Nxc3 28. Kd2 b1=Q 29.
Bxb1 Nxb1+ 30. Kc2 Na3+ 31. Kd3 Nc4 32. Be7 f6 33. Bc5 Kf7 34. Bb4 g5 35. Be1 Kg6 36. h3 h5 37. Bf2 Nd6 38. Ke2 g4 39.
hxg4 hxg4 40. Bg3 Nf7 41. fxg4 Bxg2 42. Ke3 Bd5 43. Kf4 Nh6 44. Be1 Bb3 45. Bb4 Bd1 46. g5 fxg5+ 47. Ke5 Bb3 48. Bd2 Bd5 49. Be3 Nf7# 0-1

[Event "Early-Titled-Tuesday-Blitz-February-06-2024"]
[Site "Chess.com"]
[Date "2024.02.06"]
[Round "4"]
[White "DonkyDonkyDonkey"]
[Black "Adar_07"]
[Result "1-0"]
[WhiteElo "2916"]
[BlackElo "2725"]
[TimeControl "180+1"]
[EndTime "8:38:09 PST"]
[Termination "DonkyDonkyDonkey won by resignation"]

1. d4 Nf6 2. Nc3 d5 3. Bf4 c5 4.
e3 cxd4 5. exd4 a6 6. Nf3 Bg4 7. h3 Bh5 8. Be2 e6 9. Ne5 Bxe2 10. Qxe2 Nbd7 11. O-O Nxe5 12. dxe5 Nd7 13. Qg4 Rc8 14.
Rfe1 Rc4 15. Rad1 h5 16. Qg3 h4 17. Qg4 Qa5 18. a3 g5 19. Nxd5 exd5 20. e6 Rxf4 21. exd7+ Kd8 22. Qxg5+ Kxd7 23. Qxf4 1-0

[Event "Early-Titled-Tuesday-Blitz-February-06-2024"]
[Site "Chess.com"]
[Date "2024.02.06"]
[Round "4"]
[White "Arimin1329"]
[Black "Bilan_Danila"]
[Result "0-1"]
[WhiteElo "2417"]
[BlackElo "2613"]
[TimeControl "180+1"]
[EndTime "8:38:09 PST"]
[Termination "Bilan_Danila won by resignation"]

1. Nf3 d5 2. g3 Nf6 3. Bg2 Bg4 4. O-O e6 5. c4 c6 6. d3 Nbd7 7. Nc3 Bc5 8. e4 dxe4 9. dxe4 Bxf3 10. Qxf3 Ne5 11.
Qe2 Qd3 12. Qxd3 Nxd3 13. Rb1 Ng4 14. Nd1 O-O-O 15. h3 Nge5 16. b3 Nxc1 17. Rxc1 Rd2 18. Nc3 Nd3 19. Rcd1 Rxf2 20. Kh2 Rxf1 21. Rxf1 Ne5 22.
Rd1 Rd8 23. Rxd8+ Kxd8 24. Na4 Bd4 25. g4 b5 0-1

[Event "Early-Titled-Tuesday-Blitz-February-06-2024"]
[Site "Chess.com"]
[Date "2024.02.06"]
[Round "4"]
[White "FabianoCaruana"]
[Black "PavelShkapenko"]
[Result "1-0"]
[WhiteElo "3046"]
[BlackElo "2774"]
[TimeControl "180+1"]
[EndTime "8:38:12 PST"]
[Termination "FabianoCaruana won by resignation"]

1. c4 e5 2. Nc3 Bb4 3. Nd5 Be7 4. Nf3 Nc6 5. d4 d6 6. e4 Nf6 7. Nxf6+ Bxf6 8. d5 Nd4 9. Nxd4 exd4 10. Bd3 O-O 11.
O-O c5 12. f4 g6 13. Bd2 Bg7 14.
Qf3 b5 15. cxb5 a6 16. a4 axb5 17. axb5 Bd7 18. b4 Qb6 19. bxc5 dxc5 20. e5 Bf5 21. Bxf5 gxf5 22. Qd3 Rad8 23. d6 Rb8 24. Rfb1 f6 25. Ra6 Qb7 26. e6 Qd5 27. e7 Rfe8 28. Rc1 Rbc8 29. Qc4 Qxc4 30. Rxc4 Rb8 31. Rxc5 1-0

[Event "Early-Titled-Tuesday-Blitz-February-06-2024"]
[Site "Chess.com"]
[Date "2024.02.06"]
[Round "4"]
[White "ViralduS"]
[Black "ChessRespected"]
[Result "0-1"]
[WhiteElo "2726"]
[BlackElo "2548"]
[TimeControl "180+1"]
[EndTime "8:38:12 PST"]
[Termination "ChessRespected won by resignation"]

1. e4 e5 2. Nf3 Nc6 3. d4 exd4 4. Bc4 Nf6 5. e5 d5 6. Bb5 Ne4 7. Nxd4 Bc5 8. O-O O-O 9. Bxc6 bxc6 10. f3 f6 11.
fxe4 fxe5 12. Rxf8+ Qxf8 13. c3 exd4 14. cxd4 Bb6 15. e5 c5 16. Nc3 Be6 17. Be3 cxd4 18.
Bxd4 c5 19. Bf2 d4 20. Ne4 Qf5 21. Qf3 Qxf3 22. gxf3 Bd5 23. Nd2 Re8 24. f4 g5 25.
Bg3 c4 26. fxg5 c3 27. Nb3 d3+ 28. Kf1 Bxb3 29. axb3 c2 30. Ke1 Be3 31. h4 c1=Q+ 32. Rxc1 d2+ 33. Kd1 dxc1=Q+ 0-1

[Event "Early-Titled-Tuesday-Blitz-February-06-2024"]
[Site "Chess.com"]
[Date "2024.02.06"]
[Round "4"]
[White "Hasangatin_Ramil"]
[Black "ilushka"]
[Result "1-0"]
[WhiteElo "2670"]
[BlackElo "2420"]
[TimeControl "180+1"]
[EndTime "8:38:12 PST"]
[Termination "Hasangatin_Ramil won by resignation"]

1. e4 e6 2. d3 d5 3. Qe2 dxe4 4. dxe4 e5 5. Nf3 Nc6 6. c3 Bc5 7. Qc2 a5 8. Bb5 Qe7 9. O-O Bd7 10. a4 f6 11.
Nbd2 Nh6 12. Nb3 Bb6 13. Bxh6 gxh6 14. Nh4 O-O-O 15. Nf5 Bxf5 16. exf5 Rhg8 17. Bxc6 bxc6 18. Nd2 Qg7 19. g3 h5 20. Nc4 h4 21. Qe4 hxg3 22.
Nxb6+ cxb6 23. Qxc6+ Qc7 24. Qa8+ Qb8 25. Qc6+ Qc7 26.
Qe6+ Kb7 27. hxg3 h5 28. Qxf6 Rdf8 29. Qh4 Rxf5 30. Qe4+ Qc6 31. Qxf5 h4 32. g4 h3 33. f3 Qc5+ 34. Kh2 Rd8 35. Qe4+ Ka7 36. Rae1 Qc7 37. Re2 Rf8 38. Qxe5 Qc4 39. Qe7+ Ka6 40.
Qe4 Qc7+ 41. f4 Qd6 42. Rf3 Qd1 43. Qd3+ 1-0

[Event "Early-Titled-Tuesday-Blitz-February-06-2024"]
[Site "Chess.com"]
[Date "2024.02.06"]
[Round "4"]
[White "Darius321"]
[Black "JuniorJumper"]
[Result "1/2-1/2"]
[WhiteElo "2379"]
[BlackElo "2513"]
[TimeControl "180+1"]
[EndTime "8:38:14 PST"]
[Termination "Game drawn by repetition"]

1. e4 e5 2. Nf3 Nc6 3. d4 exd4 4. Nxd4 Nf6 5. Nc3 Bb4 6. Nxc6 bxc6 7. Bd3 d5 8. O-O O-O 9. e5 Ng4 10. Bf4 Re8 11.
Re1 Bc5 12. Bg3 Qg5 13. Na4 Nxf2 14. Bxf2 Bxf2+ 15. Kxf2 Qf4+ 16. Kg1 Qxa4 17. Rf1 Qd4+ 18. Kh1 Qxe5 19. Qf3 Be6 20. Rae1 Qxb2 21. Rxe6 fxe6 22. Bxh7+ Kxh7 23. Qh5+ Kg8 24. Qf7+ Kh7 25. Qh5+ Kg8 26. Qf7+ Kh7 27. Qh5+ 1/2-1/2

[Event "Early-Titled-Tuesday-Blitz-February-06-2024"]
[Site "Chess.com"]
[Date "2024.02.06"]
[Round "4"]
[White "Jojo_898"]
[Black "JaackCamel"]
[Result "1-0"]
[WhiteElo "2448"]
[BlackElo "2160"]
[TimeControl "180+1"]
[EndTime "8:38:14 PST"]
[Termination "Jojo_898 won by resignation"]

1. e4 e6 2. d4 d5 3. Nd2 c5 4. Ngf3 cxd4 5. Nxd4 Nc6 6. Nxc6 bxc6 7. Bd3 Nf6 8. O-O Be7 9. Qf3 a5 10. Qg3 O-O 11. e5 Nd7 12. Nf3 Ba6 13. Bh6 g6 14. Bxf8 Bxf8 15. Rad1 Bxd3 16. Rxd3 Bg7 17. Re1 c5 18. c4 Nb6 19. cxd5 Nxd5 20. Ng5 Rb8 21. b3 a4 22. Ne4 axb3 23. Rxb3 c4 24. Rxb8 Qxb8 25.
Nf6+ Kh8 26. Qh4 Bxf6 27. exf6 Qb4 28. Rc1 Qd2 29. Qxc4 Nxf6 30. Qc3 Qf4 31. g3 Qf5 32. Re1 Kg7 33. Re3 Qb1+ 34. Kg2 Qxa2 35. Rf3 Qd5 36.
Qxf6+ 1-0

[Event "Early-Titled-Tuesday-Blitz-February-06-2024"]
[Site "Chess.com"]
[Date "2024.02.06"]
[Round "4"]
[White "APOKALIPSA13"]
[Black "chegueps"]
[Result "0-1"]
[WhiteElo "2212"]
[BlackElo "2640"]
[TimeControl "180+1"]
[EndTime "8:38:16 PST"]
[Termination "chegueps won by checkmate"]

1. e4 d6 2. d4 f5 3. e5 dxe5 4. dxe5 Qxd1+ 5. Kxd1 Nc6 6. f4 Be6 7. c3 O-O-O+ 8. Kc2 Bd5 9. Nd2 e6 10. c4 Nd4+ 11. Kc3 Bc6 12. b4 b6 13. Rb1 g5 14. Ndf3 Nxf3 15. Nxf3 Bxf3 16. gxf3 gxf4 17. Bxf4 Ne7 18. Bg5 Rd7 19. Rg1 Ng6 20. Bf6 Bg7 21. c5 Bxf6 22. exf6 Rf8 23. Ba6+ Kd8 24. Rbd1 Rxf6 25.
Rxd7+ Kxd7 26. Rd1+ Ke7 27. c6 Ne5 28. Bb7 f4 29.
Re1 Nxf3 30. Re4 e5 31. b5 Kd6 32. a4 Rf8 33. Re2 Nd4 34. Rg2 f3 35. Rg7 f2 36.
Rd7+ Kc5 37. Rxc7 f1=Q 38. Rxh7 Qc4+ 39. Kd2 Rf2+ 40. Ke3 Qe2# 0-1

[Event "Early-Titled-Tuesday-Blitz-February-06-2024"]
[Site "Chess.com"]
[Date "2024.02.06"]
[Round "4"]
[White "lachesisQ"]
[Black "Yeritsyaan"]
[Result "1-0"]
[WhiteElo "3080"]
[BlackElo "2631"]
[TimeControl "180+1"]
[EndTime "8:38:18 PST"]
[Termination "lachesisQ won by resignation"]

1. e4 c6 2. d4 d5 3. e5 Bf5 4.
Nf3 e6 5. Be2 h6 6. O-O Nd7 7. c3 Ne7 8. Nbd2 a5 9. a4 g5 10. Ne1 Qc7 11. Bd3 Bxd3 12. Nxd3 Bg7 13. f4 Nf5 14. Qe2 O-O-O 15. fxg5 hxg5 16. Nf3 g4 17. Ng5 Nf8 18. Qxg4 Rh4 19. Qf3 Ng6 20. g4 Nh6 21. h3 Rh8 22. Be3 Qe7 23. Rf2 Nf8 24.
Raf1 Ng6 25. Qg2 Rf8 26. Nh7 Rh8 27. Bg5 f6 28. exf6 1-0

[Event "Early-Titled-Tuesday-Blitz-February-06-2024"]
[Site "Chess.com"]
[Date "2024.02.06"]
[Round "4"]
[White "chezzgirl04"]
[Black "iJueles"]
[Result "0-1"]
[WhiteElo "2180"]
[BlackElo "2453"]
[TimeControl "180+1"]
[EndTime "8:38:20 PST"]
[Termination "iJueles won on time"]

1. e4 c6 2. d4 d5 3. e5 Bf5 4. g4 Be4 5. f3 Bg6 6. h4 h5 7. Bd3 Bxd3 8. Qxd3 e6 9. g5 Ne7 10.
Nh3 g6 11. Nc3 Nf5 12. Nf4 a6 13. Nce2 c5 14. Rh3 Nc6 15. c3 Qb6 16. Ng3 cxd4 17. Nxf5 gxf5 18. g6 dxc3 19. gxf7+ Kxf7 20. bxc3 Bh6 21. Nxd5 Qg1+ 22. Ke2 Qg2+ 23. Ke1 Qxh3 24. Rb1 Qh1+ 25.
Kf2 Qxh4+ 26. Kf1 Qh1+ 27. Kf2 Qh2+ 28. Kf1 Rab8 29. Qc4 Rhg8 0-1

[Event "Early-Titled-Tuesday-Blitz-February-06-2024"]
[Site "Chess.com"]
[Date "2024.02.06"]
[Round "4"]
[White "ChEsper99"]
[Black "UK_23"]
[Result "0-1"]
[WhiteElo "2203"]
[BlackElo "2417"]
[TimeControl "180+1"]
[EndTime "8:38:20 PST"]
[Termination "UK_23 won by resignation"]

1. e4 e5 2. Nf3 Nc6 3. Bc4 Nf6 4.
d3 Be7 5. O-O O-O 6. c3 d5 7.
exd5 Nxd5 8. h3 Nb6 9. Bb3 Bf5 10. Bc2 Bd6 11. Nbd2 Qd7 12. Ne4 Rae8 13. Be3 Bg6 14. Nxd6 cxd6 15. d4 Bxc2 16. Qxc2 e4 17. Nd2 f5 18.
Bf4 Nd5 19. Bh2 Kh8 20. Rae1 e3 21. Nc4 f4 22. fxe3 b5 23. e4 bxc4 24. exd5 Ne7 25. Bxf4 Nxd5 26. Bd2 a5 27. Rxf8+ Rxf8 28. Qe4 Qb5 29.
Bc1 Nf6 30. Qe7 Re8 0-1

[Event "Early-Titled-Tuesday-Blitz-February-06-2024"]
[Site "Chess.com"]
[Date "2024.02.06"]
[Round "4"]
[White "SARGISMV"]
[Black "Szachulec75"]
[Result "1-0"]
[WhiteElo "2461"]
[BlackElo "2218"]
[TimeControl "180+1"]
[EndTime "8:38:21 PST"]
[Termination "SARGISMV won by resignation"]

1. d4 Nf6 2. Nf3 d6 3. c4 g6 4. Nc3 Bg7 5. Bf4 O-O 6. e3 Nbd7 7. h3 b6 8. Be2 Bb7 9. O-O Re8 10.
Bh2 e5 11. b4 a5 12. a3 Ne4 13.
Nxe4 Bxe4 14. d5 g5 15. Nd2 Bg6 16. e4 f5 17. exf5 Bxf5 18. Bg4 Qf6 19. Bxf5 Qxf5 20.
f3 Qd3 21. Ne4 Qxd1 22. Rfxd1 h6 23. Kf1 Ra7 24. Bg1 Rea8 25. Rac1 axb4 26. axb4 Ra4 27. c5 Rxb4 28. cxd6 cxd6 29. Rc7 Nc5 30. Nxd6 e4 31. Bxc5 bxc5 32. Nxe4 Bd4 33. d6 Rd8 34. d7 Kf7 35. Nxc5 Rc4 36. Ne6 Rxc7 37. Nxd8+ Ke7 38. Ne6 Rxd7 39.
Nxd4 1-0

[Event "Early-Titled-Tuesday-Blitz-February-06-2024"]
[Site "Chess.com"]
[Date "2024.02.06"]
[Round "4"]
[White "GMBenjaminBok"]
[Black "Rurep26"]
[Result "1-0"]
[WhiteElo "2964"]
[BlackElo "2778"]
[TimeControl "180+1"]
[EndTime "8:38:23 PST"]
[Termination "GMBenjaminBok won by resignation"]

1. d4 e6 2. c4 Nf6 3. Nc3 Bb4 4.
Qc2 Nc6 5. Nf3 d6 6. Bd2 O-O 7.
a3 Bxc3 8. Bxc3 Qe7 9. b4 e5 10. d5 Nb8 11. e4 c6 12. Be2 cxd5 13. cxd5 Bg4 14. O-O Nbd7 15. Nh4 Bxe2 16. Nf5 Qd8 17. Qxe2 Rc8 18. Rac1 Nb6 19. f4 Na4 20. Ba1 Rxc1 21.
Rxc1 Nd7 22. Kh1 Qf6 23. Rc7 Nab6 24. g3 Qd8 25. Rxb7 Qc8 26. Ne7+ 1-0

[Event "Early-Titled-Tuesday-Blitz-February-06-2024"]
[Site "Chess.com"]
[Date "2024.02.06"]
[Round "4"]
[White "nekotyanof"]
[Black "Barath1308"]
[Result "1-0"]
[WhiteElo "2643"]
[BlackElo "2398"]
[TimeControl "180+1"]
[EndTime "8:38:23 PST"]
[Termination "nekotyanof won by resignation"]

1. e4 d6 2. d4 Nf6 3. Nc3 e5 4. Nf3 Nbd7 5. dxe5 dxe5 6. Bc4 Be7 7. a4 c6 8. O-O O-O 9. a5 h6 10. Nh4 Re8 11.
Nf5 Bf8 12. Qf3 Qc7 13. Bxh6 gxh6 14. Qg3+ Kh8 15. Bxf7 Nc5 16. Bxe8 Nxe8 17. Nh4 Bg7 18. f4 exf4 19. Rxf4 Nf6 20. Raf1 Be6 21. Rxf6 Qxg3 22. hxg3 Bxf6 23. Rxf6 Kg7 24. Rg6+ Kh7 25. b4 Bf7 26. Rf6 Kg7 27. Rxf7+ Kxf7 28. bxc5 Rd8 29. Nf5 Rd2 30. Ne3 Ke6 31. Kf1 Rd4 32. Ke2 Rb4 33. Kd3 h5 34. Nf5 Kf6 35. Nd4 Ke5 36. Nf3+ Ke6 37. a6 bxa6 38. Nd4+ Kd7 39. e5 a5 40. e6+ Kc7 41.
Ne4 a4 42. e7 Rb8 43. Nf6 a3 44. e8=Q 1-0

[Event "Early-Titled-Tuesday-Blitz-February-06-2024"]
[Site "Chess.com"]
[Date "2024.02.06"]
[Round "4"]
[White "Muslim_player_05"]
[Black "vasblesk"]
[Result "0-1"]
[WhiteElo "2508"]
[BlackElo "2743"]
[TimeControl "180+1"]
[EndTime "8:38:26 PST"]
[Termination "vasblesk won by resignation"]

1. d4 d5 2. c4 c6 3. Nf3 Nf6 4. g3 g6 5. Bg2 Bg7 6. O-O O-O 7. a4 dxc4 8. a5 Ne8 9. Nc3 Nd6 10. Ne5 Be6 11.
a6 Nxa6 12. Nxc6 Qc7 13. Bg5 Rae8 14. Nxa7 Qb6 15. d5 Bd7 16. Be3 Qxb2 17. Bd4 Bxd4 18. Qxd4 Qb4 19. Rfb1 Qc5 20. Qxc5 Nxc5 21. Nab5 Nxb5 22.
Nxb5 Nb3 23. Nc7 Rc8 24. Ra7 Rxc7 25. Be4 Bf5 26. Bxf5 gxf5 0-1